Unix NetHack Version 5.0.0-0 post-release - last build May 10 2026 23:12:36 (d1fa5d53e341ca933230fdaa984d921c805b60aa,branch:main).

Game began 2026-05-11 17:44:52, ended 2026-05-11 17:58:57.

Eymerich, chaotic male elven Priest

                            .....--G---...
                            ^...Gh@.....<.G
                            ....------....

Eymerich the Acolyte         St:16 Dx:10 Co:14 In:11 Wi:16 Ch:8  Chaotic
Dlvl:4  $:17 HP:0(28) Pw:24(24) AC:4  Xp:3 T:1151 

Latest messages:
 The gnome throws a dart!
 The dart misses the gnome.
 You are hit by a dart.
 The gnome hits!
 You kill the gnome!
 The gnome throws a dart!
 A dart misses you.
 You see here a cursed arrow.
 You hear some noises in the distance.
 l - a cursed arrow (8 in total).
 You see here a cursed dart.
 J - a cursed dart.
 The gnome throws a dart!
 You are almost hit by a dart.
 The gnome throws a dart!
 The gnome is hit.
 The gnome misses!
 You miss the gnome.
 The gnome hits!
 You miss the gnome.
 The gnome misses!
 The gnome throws a dart!
 The gnome is hit.
 The gnome is killed!
 You miss the gnome.
 The gnome throws a dart!
 You are hit by a dart.
 You hit the gnome.
 The gnome misses!
 The gnome wields a thonged club!
 The gnome secures the tether on the thonged club.
 You hit the gnome.
 The gnome misses!
 You hit the gnome.
 The gnome hits!
 You see here a cursed dart.
 The dwarf picks up a blessed dart.
 The gnome swings her thonged club.
 The gnome hits!
 What do you want to zap? [q or ?*]
 In what direction?
 The sleep ray hits the dwarf.
 The sleep ray hits the gnome.
 The gnome wields a cursed bow!
 The bow welds itself to the gnome's hand!
 The gnome swings her thonged club.
 The gnome hits!
 You die...
 Do you want your possessions identified? [ynq] (y)
 Do you want to see your attributes? [ynq] (y)

Inventory:
 Coins    ('$')
  $ - 17 gold pieces
 Weapons  (')')
  r - a blessed +0 arrow
  k - 7 +1 arrows
  n - 75 +0 arrows
  l - 8 cursed +0 arrows
  J - a cursed +0 dart
  C - 8 +0 shuriken
  a - a blessed +1 mace
 Armor    ('[')
  w - a +2 pair of jumping boots (being worn)
  c - a +0 small shield (being worn)
  b - a +0 robe (being worn)
 Comestibles  ('%')
  E - a slime mold
  e - a clove of garlic
  m - a cursed food ration
  f - a sprig of wolfsbane
  v - 2 lichen corpses
  H - a partly eaten lichen corpse
 Scrolls  ('?')
  I - a scroll of identify
 Spellbooks  ('+')
  F - a spellbook of healing
 Potions  ('!')
  d - a potion of holy water
 Rings    ('=')
  A - a ring of poison resistance
 Wands    ('/')
  q - a wand of sleep (0:2)
 Tools    ('(')
  i - a magic marker (0:21)
  u - a cursed magic marker (0:50)
  o - a cursed skeleton key
  t - a cursed tallow candle
 Gems/Stones  ('*')
  p - a worthless piece of black glass named soft
  s - a cursed worthless piece of blue glass named soft
  G - a worthless piece of white glass named soft

Eymerich the Priest's attributes:

Background:
 You were an Acolyte, a level 3 elven Priest.
 You were chaotic, on a mission for Manannan Mac Lir
 who was opposed by Lugh (lawful) and Brigit (neutral).
 You were right-handed.
 You were in the Gnomish Mines, on level 4.
 You entered the dungeon 1151 turns ago.
 You had 51 experience points, 29 more were needed to attain level 4.

Basics:
 You had 0 out of 28 hit points.
 You had all 24 energy points (spell power).
 Your armor class was 4.
 Your wallet contained 17 zorkmids.
 Autopickup was off.

Final Characteristics:
 Your strength was 16 (limit:18).
 Your dexterity was 10 (limit:18).
 Your constitution was 14 (limit:16).
 Your intelligence was 11 (limit:20).
 Your wisdom was 16 (limit:20).
 Your charisma was 8 (limit:18).

Final Status:
 You weren't hungry.
 You were unencumbered.
 You were bare handed.
 You were unskilled in bare handed combat.

Final Attributes:
 You were devoutly aligned.
 You had infravision.
 You could jump.
 You were guarded.
 Your spell casting was enhanced by wearing a robe.
 You are dead.

Miscellaneous:
 You didn't encounter any bones levels.
 Total elapsed playing time was 14 minutes and 4 seconds.

Major events:
 Turn
    1: Eymerich the chaotic elven Priest entered the dungeon
 1115: entered the Gnomish Mines
 1119: attained the rank of Acolyte (level 3)
 1151: killed by a gnome

Spells:
 Name                 Level Category     Fail Retention
 healing                1   healing        0%  76%-100%
 light                  1   clerical       0%  91%-100%

Skills:
 Fighting Skills
   bare handed combat [Unskilled]
 Weapon Skills
   club               [Unskilled]
   mace               [Basic]
   morning star       [Unskilled]
   flail              [Unskilled]
   hammer             [Unskilled]
   quarterstaff       [Unskilled]
   polearms           [Unskilled]
   spear              [Unskilled]
   trident            [Unskilled]
   lance              [Unskilled]
   bow                [Unskilled]
   sling              [Unskilled]
   crossbow           [Unskilled]
   dart               [Unskilled]
   shuriken           [Unskilled]
   boomerang          [Unskilled]
   unicorn horn       [Unskilled]
 Spellcasting Skills
   healing spells     [Unskilled]
   divination spells  [Unskilled]
   clerical spells    [Basic]

Voluntary challenges:
 Character rerolling was not enabled.
 You followed a strict vegan diet.
 You were illiterate.
 You never genocided any monsters.
 You never polymorphed an object.
 You never changed form.
 You used no wishes.
Achievements:
 You entered the Gnomish Mines.
 You attained the rank of Acolyte.

 The Dungeons of Doom: levels 1 to 3
    Level 1:
       A fountain.
    Level 2:
       A fountain.
    Level 3:
       Stairs down to The Gnomish Mines.
 The Gnomish Mines:
    Level 4: <- You were here.
       Final resting place for
          you, killed by a gnome.


Vanquished creatures:
  2 shriekers
  a hobbit
  4 gnomes
  3 jackals
  a fox
  a sewer rat
  7 grid bugs
  4 lichens
  a kobold zombie
  9 newts
33 creatures vanquished.

No species were genocided or became extinct.

Game over:
                       ----------
                      /          \
                     /    REST    \
                    /      IN      \
                   /     PEACE      \
                  /                  \
                  |     Eymerich     |
                  |      17 Au       |
                  |   killed by a    |
                  |      gnome       |
                  |                  |
                  |                  |
                  |       2026       |
                 *|     *  *  *      | *
        _________)/\\_//(\/(/\)/\//\/|_)_______

Goodbye Eymerich the Priest...

You died in The Gnomish Mines on dungeon level 4 with 380 points,
and 17 pieces of gold, after 1151 moves.
You were level 3 with a maximum of 28 hit points when you died.

